 Dungeon Crawl Stone Soup version 0.18-a0-1123-gbd92598 (webtiles) character file.

38950 Scytalen the Brawler (level 13, -5/186 HPs)
             Began as a Troll Chaos Knight on Jan 19, 2016.
             Slain by a fire giant simulacrum (16 damage)
             ... on level 3 of the Abyss.
             The game lasted 01:27:54 (18071 turns).

Scytalen the Brawler (Troll Chaos Knight)          Turns: 18071, Time: 01:27:55

Health: -5/186     AC: 26    Str: 26      XL:     13   Next: 66%
Magic:  15/15      EV:  1    Int: 13      God:    Xom [...*..]
Gold:   1208       SH:  0    Dex: 12 (13) Spells: 0 memorised, 12 levels left

rFire  + . .     SeeInvis .       - Unarmed
rCold  . . .     Gourm    +     (armour currently unavailable)
rNeg   + + +     Faith    .     (no shield)
rPois  +         Spirit   .     (helmet currently unavailable)
rElec  .         Dismiss  .     (cloak currently unavailable)
rCorr  .         Reflect  .     (gloves unavailable)
SustAt .         Harm     .     (boots unavailable)
MR     .....     NoTele   +     (no amulet)
Stlth  +.........               r - ring of poison resistance
                                w - ring of protection from fire

@: mighty, brilliant, exhausted, tree-form (expiring), slowed, very slow, not
resistant to hostile enchantments, very unstealthy
A: unfitting armour, (claws 0), (hooves 0), (yellow scales 0), blink,
deterioration 1, fast metabolism 3, gourmand, mutation resistance 1,
regeneration 2, (shaggy fur 0), (tough skin 0), weak 1
a: Blink, Renounce Religion


You were on level 3 of the Abyss.
You worshipped Xom.
You were a favourite toy of Xom.
You were not hungry.
You were a tree.
You visited 2 branches of the dungeon, and saw 18 of its levels.
You visited the Abyss 1 time.
You also visited: Sewer and Volcano.

You collected 1208 gold pieces.

Inventory:

Hand Weapons
 o - a +1 blowgun
Missiles
 c - 444 stones
 j - 18 curare-tipped needles
 A - 3 large rocks
 L - 7 tomahawks (quivered)
 N - 6 throwing nets
Armour
 K - a +0 cloak (melded)
 R - a +2 robe of fire resistance (melded)
 T - a +1 robe of cold resistance
Rods
 B - a +5 lightning rod (10/10)
   (Xom gifted it to you on level 6 of the Dungeon)
Jewellery
 r - a ring of poison resistance (right branch)
 w - a ring of protection from fire (left branch)
 S - an uncursed ring of ice
Wands
 k - a wand of fire (4/15)
 l - a wand of polymorph (6/24)
 G - a wand of polymorph (9/24)
 M - a wand of flame (19/48)
 P - a wand of enslavement (8/24)
 V - a wand of lightning (3/15)
 W - a wand of frost (25/48)
Scrolls
 f - 3 scrolls of fear
 i - a scroll of fog
 u - 2 scrolls of magic mapping
 y - 5 scrolls of recharging
 E - 2 scrolls of enchant armour
 F - a scroll of blinking
 H - 3 scrolls of amnesia
 J - 5 scrolls of remove curse
 O - 3 scrolls of enchant weapon
Potions
 g - a potion of invisibility {unknown}
 m - 2 potions of cancellation
 t - 2 potions of brilliance
 C - 2 potions of agility
 Q - 2 potions of berserk rage
Books
 I - a book of Enchantments

   Spells                             Type                      Level
   a - Cause Fear                     Hexes                        4
   b - Yara's Violent Unravelling     Hexes/Transmutation          5
   c - Silence                        Hexes/Air                    5
   d - Deflect Missiles               Charms/Air                   6
   e - Haste                          Charms                       6
   f - Discord                        Hexes                        8
Miscellaneous
 U - a lamp of fire
Comestibles
 a - a beef jerky
 b - 12 bread rations
 d - 8 fruits
 q - 3 meat rations
 Z - a slice of pizza


   Skills:
 - Level 7.1 Fighting
 - Level 10.0 Dodging
 + Level 17.3 Unarmed Combat
 - Level 5.1 Evocations


You had 12 spell levels left.
You didn't know any spells.

Dungeon Overview and Level Annotations

Branches:
Dungeon (14/15)            Temple (0/1) D:7            Lair (4/8) D:11
 Shoals (0/4) Lair:4        Snake (0/4) Lair:4          Orc (0/2) D:11
 Vaults: D:13-14

Altars:
Dithmenos
Fedhas
Qazlal
Ru
Vehumet
Xom
The Shining One
Beogh

Shops:
D:5 (   D:7 %

Annotations:
D:12 Erolcha
D:13 exclusion: downstairs


Innate Abilities, Weirdness & Mutations

You are too large for most types of armour.
((You have claws for hands.))
Your metabolism is lightning-fast.
You like to eat raw meat.
You heal very quickly.
((You are covered in fur (AC +1).))
((You have very tough skin (AC +2).))
((You have large cloven feet.))
((You are partially covered in yellow scales (AC +2).))
You can translocate small distances at will.
Your body sometimes deteriorates upon taking damage.
You are somewhat resistant to further mutation.
You are weak. (Str -2)


Message History

* * * LOW HITPOINT WARNING * * *
The rakshasa gestures.
The rakshasa blinks!
You take 32 damage, and have 44/186 hp.
Unknown command.
You pummel the fire giant simulacrum!!
The rakshasa weaves an illusion.
The fire giant simulacrum shimmers and seems to become two!
The fire giant simulacrum hits you!
* * * LOW HITPOINT WARNING * * *
The fire giant simulacrum freezes you!
* * * LOW HITPOINT WARNING * * *
You take 24 damage, and have 20/186 hp.
You smack the fire giant simulacrum!
The fire giant simulacrum hits you but does no damage.
The fire giant simulacrum hits you!
* * * LOW HITPOINT WARNING * * *
The fire giant simulacrum freezes you!
You die...
Xom snickers!

. . ... # # .
.. .## #. #
###### #..R.
# ..
#...##...v.#
....
#..Z♣§(..#
..#
#..##Z#..#..#
#....# #Z#
.(# #..
.X#..#. #..
#. #w#
..##..# ..
.#....#... .
.# .#.#.# . #
. .# # # #...


You could see a rakshasa, a spatial vortex and 3 fire giant simulacra.

Vanquished Creatures
  A tentacled starspawn (Abyss:3)
  Nessos (D:13)
  Harold (D:10)
  Fannar (D:10)
  Nergalle (D:10)
  Sonja (D:10)
  A spatial maelstrom (Abyss:3)
  A large abomination (Abyss:3)
  The ghost of PeterLawrence the Basher, a novice GrFi of Okawaru (D:9)
  An unseen horror (D:12)
  2 ugly things
  A mana viper (Lair:2)
  2 oklob plants (Lair:2)
  A manticore (D:11)
  8 elephants (Lair:3)
  A siren (Lair:4)
  A smoke demon (Abyss:3)
  Maurice (D:8)
  Psyche (D:11)
  3 black mambas
  3 toenail golems (Volcano)
  4 spiny frogs
  2 fire drakes
  3 komodo dragons (Lair:2)
  A spriggan druid (Lair:4)
  A hydra zombie (Abyss:3)
  3 merfolk (Lair:4)
  4 polar bears
  9 blink frogs
  2 two-headed ogres
  5 raiju (Abyss:3)
  A shadow (D:11)
  3 wraiths
  A hog (D:8)
  15 yaks
  Grum (D:8)
  4 hippogriffs
  6 humans (Volcano)
  3 hungry ghosts
  24 wolves
  A naga (Lair:4)
  10 orc warriors
  7 porcupines
  7 water moccasins
  A sky beast (D:7)
  A black bear (Lair:4)
  3 ice beasts
  A phantom (D:5)
  2 ogres
  4 centaurs
  2 big kobolds
  14 crocodiles
  9 giant frogs
  A small abomination (Abyss:3)
  A scorpion (D:11)
  12 killer bees
  8 crimson imps
  A quasit (D:12)
  2 jellies
  A giant frog zombie (D:7)
  12 orc wizards
  3 centaur skeletons
  9 orc priests
  7 hounds
  2 giant frog skeletons
  3 iguanas
  8 worker ants
  13 sheep
  2 killer bee zombies (D:9)
  A hound skeleton (D:8)
  12 gnolls
  17 adders
  An adder (shapeshifter) (D:11)
  44 river rats
  A shadow imp (D:12)
  An ooze (D:2)
  2 adder skeletons
  An adder zombie (D:9)
  7 giant geckos
  35 orcs
  5 bats
  6 giant cockroaches
  5 goblins
  6 hobgoblins
  6 jackals
  20 kobolds
  6 quokkas
  3 ball pythons
  10 giant newts
  A jackal skeleton (D:5)
  5 rats
  A fungus (Lair:2)
  7 plants
476 creatures vanquished.

Vanquished Creatures (collateral kills)
  A hog (D:9)
  A human (D:9)
  2 orc wizards (D:3)
  A sheep (D:9)
  4 orcs (D:3)
  A kobold (D:3)
10 creatures vanquished.

Vanquished Creatures (others)
  A wraith (D:11)
  4 fungi
  2 plants
  6 starspawn tentacles (Abyss:3)
  48 starspawn tentacle segments (Abyss:3)
61 creatures vanquished.

Grand Total: 547 creatures vanquished

Notes
Turn   | Place    | Note
--------------------------------------------------------------
     0 | D:1      | Scytalen the Troll Chaos Knight began the quest for the Orb.
     0 | D:1      | Reached XP level 1. HP: 22/22 MP: 0/0
   123 | D:1      | Reached XP level 2. HP: 29/29 MP: 1/1
   181 | D:1      | Reached skill level 4 in Unarmed Combat
   344 | D:1      | Reached XP level 3. HP: 36/36 MP: 2/2
   439 | D:1      | XOM: colour smoke trail
   454 | D:1      | You fall through a shaft!
   514 | D:2      | XOM: 5-stop teleportation journey
   658 | D:2      | XOM: vitrification
   794 | D:3      | Noticed an orc warrior
   806 | D:3      | Reached skill level 5 in Unarmed Combat
   806 | D:3      | Reached XP level 4. HP: 44/44 MP: 3/3
   830 | D:3      | XOM: cast spell 'Summon Mana Viper'
   842 | D:3      | Killed an orc warrior
   842 | D:3      | Reached skill level 6 in Unarmed Combat
   842 | D:3      | Reached XP level 5. HP: 31/50 MP: 4/4
   928 | D:3      | XOM: summons friendly shadow imp
  1024 | D:3      | Reached XP level 6. HP: 59/59 MP: 5/5
  1069 | D:3      | Found a glowing drain.
  1087 | D:3      | Reached skill level 7 in Unarmed Combat
  1099 | Sewer    | Entered a sewer
  1153 | Sewer    | XOM: 6-stop teleportation journey
  1165 | Sewer    | XOM: polymorph kobold -> bat
  1272 | Sewer    | XOM: cast spell 'Spider Form'
  1620 | Sewer    | XOM: colour smoke trail
  1646 | Sewer    | XOM: silly message
  1947 | D:2      | Found a glowing golden altar of the Shining One.
  2010 | D:2      | XOM is BORED!
  2010 | D:2      | XOM: silly message
  2061 | D:2      | XOM: potion effect (heal wounds)
  2654 | D:3      | Reached skill level 8 in Unarmed Combat
  2680 | D:3      | XOM: harmless Chrm miscast
  2702 | D:3      | XOM: medium Ice miscast
  2810 | D:4      | XOM is BORED!
  2810 | D:4      | XOM: mild Conj miscast
  2811 | D:4      | XOM: god gift: square sapphire amulet {god gift}
  2890 | D:4      | XOM: silly message
  2936 | D:4      | Reached XP level 7. HP: 64/66 MP: 6/6
  2987 | D:4      | Found a stormy altar of Qazlal.
  3003 | D:4      | Found a sacrificial altar of Ru.
  3056 | D:4      | Found a radiant altar of Vehumet.
  3607 | D:5      | Entered Level 5 of the Dungeon
  3608 | D:5      | XOM: summons 4 friendly demons
  3670 | D:5      | XOM: summons 4 hostile shadow creatures
  3906 | D:5      | Found Luokk's Antique Weapon Emporium.
  3963 | D:5      | Reached skill level 9 in Unarmed Combat
  4063 | D:5      | XOM is BORED!
  4063 | D:5      | XOM: summons 3 hostile demons
  4064 | D:5      | Noticed an ice devil
  4436 | D:5      | Reached XP level 8. HP: 72/74 MP: 7/7
  4532 | D:6      | Reached skill level 10 in Unarmed Combat
  4563 | D:6      | XOM: confuse monster(s)
  4590 | D:6      | XOM: god gift: thin jewelled rod {god gift}
  4729 | D:6      | XOM: god gift: twisted bronze wand {god gift}
  5014 | D:6      | XOM: give mutation
  5014 | D:6      | Gained mutation: You have an increased reservoir of magic (+10% MP). [Xom's grace]
  5153 | D:7      | XOM: god gift: bread ration
  5266 | D:7      | Reached skill level 11 in Unarmed Combat
  5382 | D:7      | XOM: enchant monster (good)
  5447 | D:7      | XOM: 4-stop teleportation journey
  5461 | D:7      | Found a staircase to the Ecumenical Temple.
  5464 | D:7      | XOM: mild Trmt miscast
  5587 | D:7      | XOM: summons 6 friendly demons
  5599 | D:7      | Found Voujuk Koce's Food Emporium.
  5622 | D:7      | XOM: mild Hex miscast
  5650 | D:7      | XOM: enchant monster (good)
  5771 | D:7      | Reached skill level 12 in Unarmed Combat
  5771 | D:7      | Reached XP level 9. HP: 48/80 MP: 8/8
  5951 | D:8      | Noticed Maurice
  5952 | D:8      | Noticed Grum
  5974 | D:8      | XOM: summons 2 friendly demons
  5998 | D:8      | Killed Maurice
  6093 | D:8      | XOM: potion effect (might)
  6095 | D:8      | XOM: 4-stop teleportation journey
  6229 | D:8      | XOM: confusion
  6234 | D:8      | XOM: divination: detect items
  6236 | D:8      | XOM: blink monster(s)
  6624 | D:8      | Killed Grum
  6624 | D:8      | Reached skill level 13 in Unarmed Combat
  6630 | D:8      | XOM: summons friendly iron imp
  6699 | D:9      | Noticed PeterLawrence's ghost (novice GrFi)
  6713 | D:9      | XOM: confuse monster(s)
  6725 | D:9      | XOM: noise
  6730 | D:9      | Killed PeterLawrence's ghost
  6759 | D:8      | Reached skill level 14 in Unarmed Combat
  6934 | D:8      | Reached XP level 10. HP: 88/88 MP: 10/10
  7059 | D:9      | XOM: smoke on damage
  7250 | D:8      | XOM: summons friendly quasit
  7341 | D:8      | XOM: harmless Chrm miscast
  7356 | D:9      | XOM: harmless Necr miscast
  7382 | D:9      | Found a blossoming altar of Fedhas.
  7583 | D:9      | XOM: colour smoke trail
  7630 | D:10     | Entered Level 10 of the Dungeon
  7652 | D:10     | XOM: 1-stop teleportation journey
  7653 | D:10     | XOM: enchant monster (bad)
  7662 | D:10     | Reached skill level 5 in Dodging
  7889 | D:10     | Noticed Sonja
  7894 | D:10     | Killed Sonja
  7930 | D:10     | Noticed Harold
  7941 | D:10     | XOM: confusion
  7946 | D:10     | Killed Harold
  8103 | D:10     | XOM: confuse monster(s)
  8184 | D:10     | Noticed Fannar
  8198 | D:10     | XOM: divination: detect items
  8201 | D:10     | Killed Fannar
  8201 | D:10     | Reached XP level 11. HP: 50/94 MP: 11/11
  8226 | D:10     | XOM: give mutations
  8226 | D:10     | Gained mutation: You are partially covered in yellow scales (AC +2). [Xom's mischief]
  8226 | D:10     | Lost mutation: You have an increased reservoir of magic (+10% MP). [Xom's mischief]
  8300 | D:10     | You fall through a shaft for 3 floors!
  8358 | D:14     | Noticed an orc knight
  8440 | D:13     | Noticed Nessos
  8458 | D:13     | XOM: noise
  8473 | D:13     | Killed Nessos
  8685 | D:12     | Noticed Erolcha
  8771 | D:12     | Killed an unseen horror
  8784 | D:12     | XOM is BORED!
  8784 | D:12     | XOM: medium Conj miscast
  9055 | D:12     | Noticed a red ugly thing
  9065 | D:12     | XOM: summons 4 friendly demons
  9072 | D:12     | Killed a red ugly thing
  9194 | D:12     | Noticed a five-headed hydra
  9224 | D:12     | Found a shimmering altar of Xom.
  9224 | D:12     | Found a shimmering altar of Xom.
  9229 | D:12     | Found a shimmering altar of Xom.
  9231 | D:12     | Found a shimmering altar of Xom.
  9235 | D:12     | You fall through a shaft!
  9333 | D:11     | Found a staircase to the Lair.
  9589 | D:10     | XOM: divination: detect creatures
  9706 | D:11     | Noticed Nergalle
  9718 | D:10     | Killed Nergalle
  9851 | D:10     | XOM is BORED!
  9851 | D:10     | XOM: medium Necr miscast
  9988 | D:11     | XOM: polymorph yak -> two-headed ogre
  9990 | D:11     | Reached skill level 15 in Unarmed Combat
 10021 | D:11     | Noticed a white ugly thing
 10032 | D:11     | Killed a white ugly thing
 10137 | D:11     | Found a roughly hewn altar of Beogh.
 10137 | D:11     | Found a staircase to the Orcish Mines.
 10137 | D:11     | XOM: 6-stop teleportation journey
 10180 | D:11     | XOM: harmless Erth miscast
 10220 | D:11     | XOM: 1-stop teleportation journey
 10223 | D:11     | XOM: polymorph orc warrior -> centaur
 10244 | D:11     | Noticed Psyche
 10305 | D:11     | Killed Psyche
 10380 | D:11     | XOM: enchant monster (good)
 10661 | D:11     | XOM: fog
 10870 | D:11     | XOM is BORED!
 10870 | D:11     | XOM: polymorph orc -> adder
 11128 | D:11     | XOM: harmless Fire miscast
 11213 | D:11     | XOM: god gift: lamp of fire
 11320 | Lair:1   | Entered Level 1 of the Lair of Beasts
 11391 | Lair:1   | Reached skill level 16 in Unarmed Combat
 11391 | Lair:1   | Reached XP level 12. HP: 97/104 MP: 11/11
 11684 | Lair:1   | Found a shadowy altar of Dithmenos.
 12057 | Lair:2   | XOM: summons 4 friendly demons
 12288 | Lair:2   | XOM: divination: detect creatures
 12444 | Lair:2   | XOM: swap monsters
 12999 | Lair:2   | Reached skill level 5 in Fighting
 13114 | Lair:2   | XOM: fog
 13290 | Lair:2   | XOM: smoke on damage
 13646 | Lair:2   | XOM: give mutation
 13646 | Lair:2   | Gained mutation: You have large cloven feet. [Xom's grace]
 13752 | Lair:2   | XOM is BORED!
 13752 | Lair:2   | XOM: mild Necr miscast
 13756 | Lair:2   | XOM: potion effect (brilliance)
 13758 | Lair:2   | XOM: smoke on damage
 13834 | Lair:2   | XOM: vitrification
 13856 | Lair:2   | XOM: god gift: hand axe {god gift}
 13992 | Lair:2   | Reached skill level 1 in Evocations
 14092 | Lair:2   | XOM: vitrification
 14253 | Lair:3   | XOM: 3-stop teleportation journey
 14279 | Lair:3   | XOM: 1-stop teleportation journey
 14329 | Lair:3   | XOM: medium Conj miscast
 14342 | Lair:3   | XOM: silly message
 14404 | Lair:3   | XOM: give mutations
 14404 | Lair:3   | Gained mutation: Your body sometimes deteriorates upon taking damage. [Xom's mischief]
 14404 | Lair:3   | Gained mutation: You are weak. (Str -2) [Xom's mischief]
 14404 | Lair:3   | Gained mutation: You can translocate small distances at will. [Xom's mischief]
 14421 | Lair:3   | XOM: medium Air miscast
 14624 | Lair:3   | XOM: polymorph wolf -> crocodile
 14650 | Lair:3   | XOM: confusion
 14766 | Lair:3   | XOM: silly message
 14871 | Lair:3   | XOM: polymorph elephant -> mana viper
 15057 | Lair:3   | XOM: blink monster(s)
 15070 | Lair:3   | Reached skill level 5 in Evocations
 15110 | Lair:3   | XOM: colour smoke trail
 15130 | Lair:3   | XOM: swap monsters
 15160 | Lair:3   | Reached XP level 13. HP: 101/123 MP: 15/15
 15421 | Lair:3   | XOM: summons 2 hostile shadow creatures
 15458 | Lair:3   | XOM: give mutation
 15458 | Lair:3   | Gained mutation: You are somewhat resistant to further mutation. [Xom's grace]
 15536 | Lair:3   | XOM: cast spell 'Spider Form'
 15568 | Lair:3   | XOM: scenery: create altars
 15955 | Lair:4   | Found a dark tunnel.
 15965 | Volcano  | Entered a volcano
 16179 | Volcano  | XOM: scenery: 1 doors close
 16210 | Volcano  | XOM: cast spell 'Summon Ice Beast'
 16230 | Volcano  | Reached skill level 10 in Dodging
 16256 | Lair:4   | XOM: harmless Necr miscast
 16279 | Lair:4   | Found a staircase to the Snake Pit.
 16316 | Lair:4   | XOM: vitrification
 16484 | Lair:4   | XOM: fake destruction
 16892 | Lair:4   | XOM: cast spell 'Metabolic Englaciation'
 16897 | Lair:4   | XOM: potion effect (agility)
 17018 | Lair:4   | Found a staircase to the Shoals.
 17048 | Lair:4   | XOM: confusion (+ monsters)
 17112 | Lair:4   | XOM: chaos upgrade
 17147 | Lair:4   | XOM: repel stairs
 17214 | Lair:4   | XOM: 5-stop teleportation journey
 17249 | Lair:4   | XOM: noise
 17559 | Lair:4   | XOM: severe Ice miscast
 17619 | Lair:4   | Cast into level 3 of the Abyss (Xom)
 17636 | Abyss:3  | Found a corrupted altar of Lugonu.
 17643 | Abyss:3  | XOM: summons 1 hostile demon
 17652 | Abyss:3  | XOM: summons 3 hostile demons
 17796 | Abyss:3  | Noticed a starcursed mass
 17803 | Abyss:3  | XOM: summons 6 hostile demons
 17817 | Abyss:3  | XOM: summons friendly crimson imp
 17919 | Abyss:3  | Noticed a lich
 17945 | Abyss:3  | Noticed an Ice Fiend
 18043 | Abyss:3  | Reached skill level 17 in Unarmed Combat
 18045 | Abyss:3  | Noticed a tentacled starspawn
 18056 | Abyss:3  | Killed a tentacled starspawn
 18057 | Abyss:3  | XOM: potion effect (brilliance)
 18071 | Abyss:3  | Slain by a fire giant simulacrum

Vault maps used:
D:1:      dpeg_arrival_pond, minmay_vboxes
D:2:      forest_paths, lemuel_doored_altar
D:3:      gup_sewer_entry_glass, kennysheep_path_1, dk_vineyard_3,
          minmay_misc_feat_nine_boxes
D:4:      nicolae_overflow_hidden_temple, serial_glass, glass_columns_b,
          glass_columns_b, glass_columns_a, glass_columns_a, glass_columns_a,
          glass_columns_c, nicolae_ru_great_annihilating_truth
D:5:      serial_shops, shop, first_bread
D:7:      minmay_temple_entry_nine_rooms, serial_shops, kennysheep_little_box
D:8:      uniq_grum, uniq_maurice
D:9:      fedhas_altar_3, grunt_livestock
D:10:     uniq_harold, uniq_sonja, uniq_fannar
D:11:     david_orc_5, uniq_nergalle, uniq_psyche
D:12:     xom_redecorated, uniq_erolcha, uniq_frances
D:13:     serial_shops, shop, serial_corexii_hall, corexii_hall_statues_s,
          corexii_hall_statues_l, hangedman_cracks_in_the_wall, uniq_nessos
D:14:     david_vaults_4, tgw_lugonu_bribe
Lair:1:   basic_altar
Lair:2:   disabler_island, serial_bayou_shore_b
Lair:3:   serial_bayou_shore_b
Lair:4:   elwin_shoals_entry_stream, guppyfry_snake_entry_garden,
          enter_volcano_3, kilobyte_rumbling_trees
Abyss:3:  hangedman_abyss_rune_macabre_mess
Sewer:    sewer_co_scattered_pipes
Volcano:  volcano_bunker

Action                   |  1- 3 |  4- 6 |  7- 9 | 10-12 | 13-15 || total
-------------------------+-------+-------+-------+-------+-------++-------
Melee: Unarmed           |    73 |   203 |   316 |   753 |   312 ||  1657
 Fire: Blowgun           |       |       |       |     1 |       ||     1
Throw: Stone             |     5 |     6 |    74 |   174 |    11 ||   270
       Tomahawk          |       |       |       |   164 |    19 ||   183
       Large rock        |       |       |       |    16 |     2 ||    18
       Throwing net      |       |       |       |     3 |       ||     3
Evoke: Wand              |       |       |       |     3 |       ||     3
  Use: Scroll            |       |     6 |     9 |     9 |     9 ||    33
       Potion            |       |       |     1 |     7 |    10 ||    18
 Stab: Sleeping          |     1 |     2 |       |     3 |     1 ||     7
       Paralysed         |       |       |     2 |       |       ||     2
       Distracted        |       |       |     1 |       |       ||     1
       Confused          |       |       |     4 |       |       ||     4
  Eat: Chunk             |    11 |    18 |    41 |    81 |    22 ||   173
       Meat ration       |       |       |       |     1 |       ||     1
